 Dungeon Crawl Stone Soup version 0.20.1-1-g8b1a95d (console) character file.

91 bli the Cutter (level 4, 0/31 HPs)
             Began as a Halfling Abyssal Knight on July 29, 2017.
             Was a Follower of Lugonu.
             Killed from afar by an orc wizard (3 damage)
             ... with a puff of flame
             ... on level 4 of the Dungeon.
             The game lasted 00:10:20 (1954 turns).

bli the Cutter (Halfling Abyssal Knight)            Turns: 1954, Time: 00:10:20

Health: 0/31       AC:  3    Str: 13    XL:     4   Next: 87%
Magic:  5/5        EV: 13    Int: 10    God:    Lugonu [*.....]
Gold:   163        SH:  6    Dex: 14    Spells: 3/3 levels left

rFire    . . .     SeeInvis .   a - +1 short sword
rCold    . . .     Gourm    .   s - +2 buckler
rNeg     . . .     Faith    .   j - +0 leather armour
rPois    .         Spirit   .   (no helmet)
rElec    .         Reflect  .   (no cloak)
rCorr    .         Harm     .   (no gloves)
MR       .....                  (no boots)
Stlth    +.........             (no amulet)
Regen    0.1/turn               (no ring)
MPRegen  0.1/turn               (no ring)

@: no status effects
A: mutation resistance 1
a: Depart the Abyss, Renounce Religion


You were on level 4 of the Dungeon.
You worshipped Lugonu.
Lugonu was aware of your devotion.
You were not hungry.

You visited 1 branch of the dungeon, and saw 4 of its levels.
You visited the Abyss 1 time.

You collected 163 gold pieces.

Inventory:

Hand Weapons
 a - a +1 short sword (weapon)
 b - a +0 hunting sling
 m - a +3 dagger
Missiles
 f - 28 stones (quivered)
 q - 7 tomahawks
Armour
 j - a +0 leather armour (worn)
 s - a +2 buckler (worn)
Scrolls
 d - a scroll of random uselessness {unknown}
 g - 2 scrolls of magic mapping {unknown}
 h - a scroll of fear {unknown}
 k - a scroll of remove curse {unknown}
 n - a scroll of enchant armour {unknown}
 r - 2 scrolls of identify {unknown}
 t - a scroll of teleportation {unknown}
 v - a scroll of enchant weapon {unknown}
 w - a scroll of fog {unknown}
Potions
 e - a potion of invisibility {unknown}
 o - 2 potions of haste {unknown}
 u - a potion of resistance {unknown}
 x - a potion of degeneration {unknown}
 z - 2 potions of curing {unknown}
 A - a potion of lignification {unknown}
 B - a potion of magic {unknown}
Comestibles
 c - 2 bread rations
 i - a royal jelly
 l - 3 meat rations
 C - a chunk of flesh


   Skills:
 + Level 3.2 Fighting
 + Level 3.7 Short Blades
 + Level 2.4 Slings
 + Level 2.4 Armour
 * Level 1.8 Dodging
 + Level 0.8 Stealth
 + Level 2.0 Invocations


You had 3 spell levels left.
You didn't know any spells.

Dungeon Overview and Level Annotations

Branches:
Dungeon (4/15)
 Temple: D:4-7

Altars:

Annotations:
D:3 Ferkelamun's ghost, amateur DEFE; Grinder


Innate Abilities, Weirdness & Mutations

You are small and have problems with some larger weapons.
You are somewhat resistant to further mutation.


Message History

You hit the orc wizard but do no damage.
The orc wizard is moderately wounded.
The orc wizard casts a spell at you. You resist with some effort.
You hit the orc wizard but do no damage.
The orc wizard is moderately wounded.
The orc wizard hits you with a dagger.
You hit the orc wizard but do no damage.
The orc wizard is moderately wounded.
The orc wizard misses you.
You hit the orc wizard.
The orc wizard is heavily wounded.
The orc wizard gestures at you while chanting.
The puff of flame hits you!
* * * LOW HITPOINT WARNING * * *
You hit the orc wizard.
The orc wizard is severely wounded.
The orc wizard points at you and mumbles some strange words.
The puff of flame hits you!
You die...

########
#......# #@#
.#.####o##=#
.......o...#
.#.####.####
#.# ..# ###


You could see an orc wizard and an orc.

Vanquished Creatures
  An orc wizard (D:4)
  3 oozes
  2 worms (D:2)
  2 orcs (D:3)
  6 bats
  2 giant cockroaches
  5 goblins
  9 hobgoblins
  5 kobolds
  A ball python (D:2)
  4 frilled lizards
  4 rats
44 creatures vanquished.

Notes
Turn   | Place    | Note
-------+----------+-------------------------------------------
     0 | Abyss:1  | bli the Halfling Abyssal Knight began the quest for the Orb.
     0 | Abyss:1  | Reached XP level 1. HP: 15/15 MP: 2/2
    63 | Abyss:1  | Found a sacrificial altar of Ru.
    69 | Abyss:1  | Noticed a large abomination
   103 | D:1      | Escaped the Abyss
   263 | D:1      | Reached XP level 2. HP: 21/21 MP: 3/3
   329 | D:1      | Reached * piety under Lugonu
   488 | D:1      | Reached XP level 3. HP: 24/26 MP: 4/4
   508 | D:1      | Reached skill level 1 in Slings
  1164 | D:2      | Reached XP level 4. HP: 20/31 MP: 5/5
  1727 | D:3      | Noticed Grinder
  1731 | D:3      | Paralysed by Grinder for 3 turns
  1736 | D:3      | Paralysed by Grinder for 4 turns
  1741 | D:3      | Paralysed by Grinder for 3 turns
  1920 | D:3      | Noticed Ferkelamun's ghost (amateur DEFE)
  1954 | D:4      | Killed from afar by an orc wizard

Skill      XL: |  1  2  3  4 |
---------------+-------------+-----
Fighting       | 3 |  3.2
Slings         | 1 2 |  2.4
Short Blades   | 3 |  3.7
Armour         | |  2.4
Dodging        | |  1.8
Stealth        | |  0.8
Invocations    | |  2.0

Action                   |  1- 3 |  4- 6 || total
-------------------------+-------+-------++-------
Melee: Short sword       |   128 |    36 ||   164
 Fire: Hunting sling     |    37 |    26 ||    63
Invok: Depart the Abyss  |     1 |       ||     1
 Stab: Sleeping          |     2 |       ||     2
  Eat: Chunk             |     1 |     2 ||     3
Armor: Leather armour    |    24 |     5 ||    29
Dodge: Dodged            |    83 |    17 ||   100
Block: Buckler           |     7 |     7 ||    14
